 Dungeon Crawl Stone Soup version 0.31-a0-355-g57cb03d3e8 (webtiles) character file.

Game seed: 10721606144248579838

69 BillyBaka the Covered (level 4, -4/40 HPs)
             Began as an Armataur Fighter on July 25, 2023.
             Was an Initiate of Okawaru.
             Slain by an iguana (8 damage)
             ... on level 3 of the Dungeon.
             The game lasted 00:08:20 (1716 turns).

BillyBaka the Covered (Armataur Fighter)            Turns: 1716, Time: 00:08:20

Health: -4/40      AC: 11    Str: 20 (24) XL:     4   Next: 2%
Magic:  4/4        EV:  7    Int: 12 (14) God:    Okawaru [......]
Gold:   91         SH:  3    Dex:  5 (9)  Spells: 3/3 levels left

rFire   + + .        a - +0 flail
rCold   x . .        c - +0 buckler
rNeg    . . .        q - +0 fire dragon scales
rPois   .            m - +1 helmet
rElec   .            e - +0 cloak
rCorr   .            (no gloves)
SInv    .            (no barding)
Will    .....        (no amulet) Stlth
                     p - +6 ring of intelligence
HPRegen 0.26/turn    (no ring)
MPRegen 0.09/turn

%: roll
@: weak-willed, attractive
A: large, rugged brown scales 3, deformed body, armoured tail, roll, long
tongue, awkward tongue
a: Renounce Religion


You were on level 3 of the Dungeon.
You worshipped Okawaru.
Okawaru was noncommittal.
You visited 1 branch of the dungeon, and saw 3 of its levels.

You collected 91 gold pieces.

Inventory:

Hand Weapons
 a - a +0 flail (weapon)
Armour
 c - a +0 buckler (worn)
 e - a +0 cloak (worn)
 m - a +1 helmet (worn)
 q - +0 fire dragon scales (worn)
Jewellery
 p - a +6 ring of intelligence (left hand)
Scrolls
 b - a scroll of silence {unknown}
 f - a scroll of fog {unknown}
 g - a scroll of vulnerability
 h - a scroll of immolation {unknown}
Potions
 d - a potion of might
 l - a potion of magic


   Skills:
 + Level 3.1 Fighting
 * Level 2.6 Maces & Flails
 + Level 4.1 Armour
 + Level 1.6 Stealth
 + Level 3.6 Shields


You had 3 spell levels left.
You didn't know any spells.
Your spell library contained the following spells:

 Spells                   Type           Power      Damage    Failure   Level
 Static Discharge         Conj/Air       0%         2-2/arc   91%         2
 Airstrike                Air            0%         2d(0-16)  100%        4
 Summon Lightning Spire   Summ/Air       Unusable   N/A       N/A         4

Dungeon Overview and Level Annotations

Branches:
Dungeon (3/15)

Altars:
Okawaru
Qazlal


Innate Abilities, Weirdness & Mutations

You are completely covered in rugged brown scales. (AC +3, +7% HP)
Armour fits poorly on your strangely shaped body.
You have a long armoured tail.
You roll when moving toward enemies. (Rampage)
Your long tongue fully drains potion bottles. (2x potion effects)
Your tongue gives you trouble enunciating. (1.5x scroll delay)


Message History

The goblin hits you but does no damage.
A sky beast appears from thin air!
Reactivating autopickup.
The goblin attacks as you move away! The goblin hits you but does no damage.
Okay, then.
As you slowly read the scroll labelled CEAFOR PAOCUINYU, it crumbles to dust.
It is a scroll of enchant armour.
Your +0 helmet glows green for a moment.
You block the goblin's attack.
The sky beast flickers out of sight!
Deactivating autopickup; reactivate with Ctrl-A.
Something hits you but does no damage.
It was a potion of magic.
Magic courses through your body.
You slurp down every last drop of the potion of magic!
Something hits you but does no damage.
As you slowly read the scroll labelled DERIEP GAOFEPE, it crumbles to dust.
You hear a loud clanging noise!
It was a scroll of noise.
The goblin hits you but does no damage. Something hits you but does no damage.
The goblin hits you but does no damage. Something hits you.
* * * LOW HITPOINT WARNING * * *
Something shocks you.
* * * LOW HITPOINT WARNING * * *
The goblin hits you but does no damage. You block the goblin's attack.
It was a potion of degeneration.
There was something very wrong with that liquid.
You feel weakened.
You feel dopey.
You feel clumsy.
You slurp down every last drop of the potion of degeneration!
The goblin hits you but does no damage. x2; A sky beast appears from thin air!
Reactivating autopickup.
The sky beast hits you but does no damage.
It was a potion of attraction.
You feel attractive to monsters.
You slurp down every last drop of the potion of attraction!
The goblin hits you but does no damage. You block the goblin's attack.
As you slowly read the scroll labelled XALIKKU NISI, it crumbles to dust.
Magic quickly surges around you.
It was a scroll of vulnerability.
The goblin hits you but does no damage. You block the goblin's attack.
The iguana bites you!
You die...

......#.#.##~P.##.....##
g.###.#.#.#.~~~~.......#
. ..#.....~~~........# .
..###....PP.........# .#
#..............## >.
#......†......##
#.Y........####
#lgg.......#
#.@........#
##........## (..)......
#.......... #..........#
#......... #.........
##........


You could see a sky beast (weak-willed), an iguana (weak-willed) and 2 goblins.

Vanquished Creatures
  2 adders (D:2)
  2 dart slugs
  An orc (D:2)
  4 ball pythons
  2 endoplasms
  2 giant cockroaches
  4 goblins
  5 hobgoblins
  A quokka (D:3)
  7 bats
  5 frilled lizards
  5 kobolds
  7 rats
47 creatures vanquished.

Notes
Turn   | Place    | Note
-------+----------+-------------------------------------------
     0 | D:1      | BillyBaka the Armataur Fighter began the quest for the Orb.
     0 | D:1      | Reached XP level 1. HP: 19/19 MP: 1/1
   136 | D:1      | Reached XP level 2. HP: 21/26 MP: 2/2
   417 | D:1      | Reached skill level 1 in Stealth
   426 | D:1      | Found a faded altar of an unknown god.
   763 | D:2      | Reached XP level 3. HP: 33/33 MP: 3/3
   931 | D:2      | Reached skill level 4 in Armour
  1015 | D:2      | Found an iron altar of Okawaru.
  1023 | D:2      | Became a worshipper of Warmaster Okawaru
  1610 | D:3      | Reached XP level 4. HP: 40/40 MP: 4/4
  1679 | D:3      | Found a stormy altar of Qazlal.
  1679 | D:3      | Noticed a sky beast
  1716 | D:3      | Slain by an iguana

Illustrated notes

Levels and vault maps discovered:
D:1:      erik_arrival_blinker_ship, layout_loops_ring, basic_ecumenical_altar
D:2:      layout_loops_corners, basic_altar
D:3:      layout_rooms, grunt_temple_overflow_opulence, fedhas_ov_isle_minmay,
          nicolae_qazlal_beasts_of_the_sky, serial_bayou, serial_bayou_pond_b,
          serial_bayou_lake_a, serial_bayou_crossing, serial_bayou_pond_d,
          serial_bayou_shore_b, serial_bayou_shore_b, uniq_grinder

Skill      XL: |  1  2  3 |
---------------+----------+-----
Maces & Flails | 2 |  2.6
Stealth        | 1 |  1.6
Fighting       | 3 |  3.1
Armour         | 4 |  4.1
Shields        | |  3.6

Action                     |  1- 3 |  4- 6 || total
---------------------------+-------+-------++-------
  Melee: Flail             |   100 |    18 ||   118
         Tailslap          |    11 |     1 ||    12
    Use: Scroll            |       |     3 ||     3
         Potion            |       |     3 ||     3
 Armour: Scale mail        |    26 |       ||    26
         Chain mail        |    26 |     1 ||    27
         Fire dragon scale |       |    38 ||    38
  Dodge: Dodged            |    34 |     8 ||    42
  Block: Buckler           |    24 |     7 ||    31

Table legend: (Time is in decaauts)
 A = Elapsed time spent in this place.
 B = Non-inter-level travel time spent in this place.
 C = Inter-level travel time spent in this place.
 D = Time resting spent in this place.
 E = Time spent auto-exploring this place.
 F = Levels seen in this place.
 G = Mean time per level.
                   A        B        C        D        E       F      G
               +--------+--------+--------+--------+--------+-----+--------+
         Total |   1753 |   1732 |     21 |      0 |   1342 |   3 |  584.3 |
       Dungeon |   1753 |   1732 |     21 |      0 |   1342 |   3 |  584.3 |
               +--------+--------+--------+--------+--------+-----+--------+

Top non-repeatable levels by time:
     D:2: 816 daAuts
     D:1: 644 daAuts
     D:3: 292 daAuts
